AoeStats
← 焕

Arena

509940437Analyzed
2v2 RM · 4d ago on Sep 28, 2026· 30m 33s· 4 players
Game mode
Random Map
Map size
Medium (4 player)
Population
200
Speed
Normal
Resources
Standard
Victory
Conquest
Starting age
Dark Age
Ending age
Imperial Age
RankedLock teamsTeams togetherTeam positionsShared explorationLock speedFull tech treeHidden civsTurbo modeCheats
Victory
Defeat
🇳🇴 Saxons · Norway
1318
+16
🇳🇴 Danes · Norway
1290
+17
🇮🇹 Cumans · Italy
1318
-17
🇮🇹 Romans · Italy
1295
-16
MS-Skitat
10:50 Feudal Age
11:58 Loom
14:57 Castle Age
13:24 Double-Bit Axe
14:14 Forging
15:15 Scale Mail Armor
20:19 Wheelbarrow
20:32 Bow Saw
21:09 Horse Collar
24:28 Town Watch
27:54 Gambesons
28:09 Squires
27:55 Arson
28:45 Gold Mining
29:38 Chain Mail Armor
30:10 Hand Cart
30:34 Iron Casting
GhostyD
10:31 Feudal Age
14:39 Castle Age
13:19 Double-Bit Axe
13:32 Horse Collar
19:00 Bow Saw
20:06 Heavy Plow
20:27 Loom
26:12 Wheelbarrow
27:38 Bloodlines
28:29 Husbandry
28:37 Scale Barding Armor
28:46 Town Watch
29:17 Fletching
29:48 Chain Barding Armor
29:39 Forging
塔奈花铃
11:13 Feudal Age
13:23 Wheelbarrow
15:24 Horse Collar
18:13 Double-Bit Axe
24:43 Castle Age
25:40 Heavy Plow
焕
5:08 Loom
10:29 Feudal Age
11:44 Horse Collar
11:53 Double-Bit Axe
12:48 Man-at-Arms
13:34 Scale Mail Armor
14:25 Man-at-Arms
18:50 Wheelbarrow
18:39 Stone Mining
18:39 Gold Mining
20:36 Town Watch
23:13 Castle Age
24:09 Scale Barding Armor
23:43 Pikeman
24:36 Forging
26:11 Husbandry
27:17 Bow Saw
28:17 Iron Casting
28:58 Squires
29:10 Bloodlines
29:24 Chain Mail Armor
29:47 Chain Barding Armor
29:50 Hand Cart
29:37 Heavy Plow
Connection lost

Rejoining the realm…

Still unreachable

The connection could not be restored.

Session expired

The server has moved on; the page needs a fresh start.